 Dungeon Crawl Stone Soup version 0.29.1-1-gd02db69 (webtiles) character file.

Game seed: 4558536103568886589

85 Kel the Chopper (level 4, 28/28 HPs)
             Began as a Gargoyle Berserker on Nov 27, 2022.
             Was a Follower of Trog.
             Quit the game on level 2 of the Dungeon on Dec 7, 2022.
             The game lasted 00:05:10 (1657 turns).

Kel the Chopper (Gargoyle Berserker)                Turns: 1657, Time: 00:05:10

Health: 28/28      AC: 14    Str: 22    XL:     4   Next: 48%
Magic:  4/4        EV:  6    Int:  8    God:    Trog [*.....]
Gold:   64         SH:  0    Dex:  9    Spells: 3/3 levels left

rFire   . . .      SeeInvis .   a - +0 hand axe
rCold   . . .      Faith    .   (no shield)
rNeg    + . .      Spirit   .   d - +0 plate armour
rPois   ∞          Reflect  .   (no helmet)
rElec   +          Harm     .   (no cloak)
rCorr   .          Rampage  .   (no gloves)
Will    .....                   (no boots)
Stlth   ..........              (no amulet)
HPRegen 0.09/turn               (no ring)
MPRegen 0.09/turn               (no ring)

@: no status effects
A: sickness immunity, AC +3, negative energy resistance 1, electricity
resistance, torment resistance 1, petrification resistance
a: Renounce Religion, Berserk


You were on level 2 of the Dungeon.
You worshipped Trog.
Trog was aware of your devotion.
You visited 1 branch of the dungeon, and saw 2 of its levels.

You collected 64 gold pieces.

Inventory:

Hand Weapons
 a - a +0 hand axe (weapon)
Armour
 d - a +0 plate armour (worn)
Scrolls
 b - a scroll of blinking {unknown}
 e - 3 scrolls of vulnerability {unknown}
 f - a scroll of identify {unknown}
 h - a scroll of enchant weapon {unknown}
Potions
 c - a potion of heal wounds {unknown}
 g - a potion of brilliance {unknown}


   Skills:
 - Level 3.2 Fighting
 + Level 4.7 Axes
 - Level 2.1 Armour
 - Level 1.5 Dodging


You had 3 spell levels left.
You didn't know any spells.
Your spell library was empty.

Dungeon Overview and Level Annotations

Branches:
Dungeon (2/15)

Altars:
Vehumet

Annotations:
D:2 1 runed translucent door, Crazy Yiuf


Innate Abilities, Weirdness & Mutations

You are immune to sickness and miasma.
Your stone body is resilient. (AC +3)
You are immune to poison.
You resist negative energy. (rN+)
You are resistant to electric shocks. (rElec)
You are resistant to unholy torment.
You are immune to petrification.


Message History

No target in view!
No target in view!
No target in view!
No target in view!
No target in view!
No target in view!
No target in view!
No target in view!
No target in view!
Things that are here:
a +0 club; a goblin corpse You now have 64 gold pieces (gained 10).
A bat comes into view.
Found 14 gold pieces.
The bat barely misses you.
You barely miss the bat. The bat hits you but does no damage.
You hit the bat.
You kill the bat!
Trog accepts your kill.
No target in view!
No target in view!
No target in view!
No target in view!
No target in view!
No target in view!
No target in view!
No target in view!
No target in view!
No target in view!
No target in view!
No target in view!
No target in view!
Unknown command.
Unknown command.
Level annotation: 1 runed translucent door, Crazy Yiuf Welcome back, Kel the Gargoyle Berserker.
Trog says: Kill them all!
Press ? for a list of commands and other information.
Unknown command.
Are you sure you want to abandon this character and quit the game? (Confirm with "yes".)

#......#
###.#########..####..#
.#.#####
..............####..#
.#.#
#.##.#####.........#
.#.#
#.......##..#####.##
...#
#.......##..........
.###
#.###.#.......#########
.# #.......##.#..# # .#
#####.#.......# ##
#.@#.###....
#.?###.##.##.# ....#
##### ## ..$... ##...
..... ### ♣♣#### #...
#)..#♣♣ ♣♣..... #...
#..g+.♣♣♣♣......
#...#♣..♣......#


There were no monsters in sight!

Vanquished Creatures
  Natasha (twice) (D:2)
  A worm (D:2)
  2 bats (D:2)
  4 endoplasms
  3 giant cockroaches
  6 goblins
  3 hobgoblins
  A quokka (D:1)
  4 ball pythons
  5 rats
31 creatures vanquished.

Notes
Turn   | Place    | Note
-------+----------+-------------------------------------------
     0 | D:1      | Kel the Gargoyle Berserker began the quest for the Orb.
     0 | D:1      | Reached XP level 1. HP: 14/14 MP: 1/1
    93 | D:1      | Reached skill level 3 in Axes
   157 | D:1      | Reached XP level 2. HP: 14/19 MP: 2/2
   722 | D:2      | Reached XP level 3. HP: 14/23 MP: 3/3
   840 | D:2      | Found a faded altar of an unknown god.
   869 | D:2      | Found a runed translucent door.
   870 | D:2      | Noticed Crazy Yiuf
  1146 | D:2      | Noticed Natasha
  1152 | D:2      | Killed Natasha
  1153 | D:2      | Reached skill level 4 in Axes
  1199 | D:2      | Reached XP level 4. HP: 24/28 MP: 4/4
  1350 | D:2      | Found a radiant altar of Vehumet.
  1396 | D:2      | Noticed Natasha
  1408 | D:2      | Killed Natasha
  1657 | D:2      | Quit the game

Illustrated notes

Levels and vault maps discovered:
D:1:      onia_arrival_pyramid, layout_basic, nicolae_titane
D:2:      layout_loops_cross, hellmonk_ecumenical_altar_arch_garden,
          basic_altar, uniq_crazy_yiuf_cottage, uniq_natasha

Skill      XL: |  1  2  3 |
---------------+----------+-----
Axes           | 3 4 |  4.7
Fighting       | |  3.2
Armour         | |  2.1
Dodging        | |  1.5

Action                   |  1- 3 |  4- 6 || total
-------------------------+-------+-------++-------
Melee: Hand axe          |    80 |    11 ||    91
       Punch             |     1 |       ||     1
Armor: Ring mail         |     4 |       ||     4
       Plate armour      |    42 |     6 ||    48
Dodge: Dodged            |    34 |     4 ||    38
